 Dungeon Crawl Stone Soup version 0.31-a0-702-gf82c85558f (webtiles) character file.

Game seed: 7822511937571942626

23044 qw the Marksgargoyle (level 13, 0/83 HPs)
             Began as a Gargoyle Hunter on Sept 8, 2023.
             Was an Elder of Okawaru.
             Slain by a death yak (8 damage)
             ... on level 3 of the Lair of Beasts.
             The game lasted 00:05:32 (11449 turns).

qw the Marksgargoyle (Gargoyle Hunter)             Turns: 11449, Time: 00:05:33

Health: 0/83       AC: 21    Str: 19    XL:     13   Next: 4%
Magic:  16/20      EV: 18    Int: 11    God:    Okawaru [****..]
Gold:   736        SH:  0    Dex: 17    Spells: 12/12 levels left

rFire   . . .        Y - +0 arbalest (heavy)
rCold   x . .        (shield currently unavailable)
rNeg    + . .        o - +2 robe {Will+}
rPois   inf          (no helmet)
rElec   +            g - scarf {repulsion}
rCorr   .            h - +2 pair of gloves
SInv    .            a - +2 pair of boots of Zin's Benevolence {rC- Will+ Regen+ Str+4}
Will    +++..        (no amulet)
Stlth   +++          l - ring of willpower
HPRegen 1.13/turn    (no ring)
MPRegen 0.17/turn

%: repel missiles
@: about to teleport, heroic, finesse-ful
A: sickness immunity, AC +9, negative energy resistance 1, electricity
resistance, torment resistance 1, petrification resistance
a: Renounce Religion, Heroism, Finesse


You were on level 3 of the Lair of Beasts.
You worshipped Okawaru.
Okawaru was greatly pleased with you.
You visited 3 branches of the dungeon, and saw 13 of its levels.
You also visited: Ossuary.

You collected 736 gold pieces.


Innate Abilities, Weirdness & Mutations

You are immune to sickness and miasma.
Your stone body is resilient. (AC +9)
You are immune to poison.
You resist negative energy. (rN+)
You are resistant to electric shocks. (rElec)
You are resistant to unholy torment.
You are immune to petrification.


   Skills:
 + Level 10.4(15.4) Fighting
 - Level 16.0(21.0) Ranged Weapons
 - Level 4.3(9.3) Armour
 - Level 5.0(10.0) Dodging
 - Level 1.1(6.1) Stealth
 - Level 10.1 Invocations


You had 12 spell levels left.
You didn't know any spells.
Your spell library was empty.

Inventory:

Hand Weapons
 Y - a +0 heavy arbalest (weapon)
Armour
 a - the +2 pair of boots of Zin's Benevolence (worn) {rC- Will+ Regen+ Str+4}
   (You acquired it on level 1 of the Dungeon)

   Str+4:     It affects your strength (+4).
   rC-:       It makes you vulnerable to cold.
   Will+:     It increases your willpower.
   Regen+:    It increases your rate of health regeneration.
 g - a scarf of repulsion (worn)
 h - a +2 pair of gloves (worn)
 o - a +2 robe of willpower (worn)
Jewellery
 l - a ring of willpower (left hand)
Wands
 b - a wand of digging (4)
Scrolls
 d - 6 scrolls of teleportation
 m - 3 scrolls of identify
 p - a scroll of enchant armour
Potions
 c - a potion of resistance
 e - 3 potions of might
 f - 3 potions of curing
 i - a potion of haste
 k - 2 potions of mutation
 n - a potion of heal wounds
 q - a potion of magic

Dungeon Overview and Level Annotations

Branches:
Dungeon (9/15)             Temple (1/1) D:7            Lair (3/5) D:9
  Swamp (0/4) Lair:2      Ossuary (visited)
  Snake: Lair:2-3    Spider: Lair:2-3       Orc: D:9-12

Altars:
Ashenzari
Cheibriados
Dithmenos
Fedhas
Gozag
Hepliaklqana
Kikubaaqudgha
Makhleb
Nemelex Xobeh
Okawaru
Qazlal
Ru
Sif Muna
Trog
Uskayaw
Vehumet
Wu Jian
Xom
Yredelemnul
Zin
The Shining One
Jiyva

Annotations:
Lair:1 3 runed translucent doors, qw's ghost, journeyman MiHs


Message History

The bolt hits the death yak but does no damage.
The death yak is moderately wounded.
The death yak gores you!! The death yak gores you!
You shoot a bolt. The bolt hits the death yak!!!
The death yak is almost dead.
The death yak gores you but does no damage. x2
The death yak gores you. The death yak misses you.
You shoot a bolt. The bolt hits the death yak!!
You kill the death yak!
Okawaru accepts your kill.
You can now enter into single combat with a foe.
Okawaru will now gift you equipment as you gain piety.
The death yak barely misses you.
Your base Ranged Weapons skill increases to level 16!
11443 ||| INVOKING Finesse.
You can now deal lightning-fast blows.
You can no longer enter into single combat with a foe.
Okawaru will no longer gift you equipment.
The death yak gores you! The death yak misses you.
You shoot a bolt. The bolt hits the death yak!!
The death yak is moderately wounded.
The death yak completely misses you. The death yak barely misses you.
You shoot a bolt. The bolt hits the death yak.
The death yak is moderately wounded.
The death yak misses you.
You shoot a bolt. The bolt hits the death yak!!
The death yak is heavily wounded.
The death yak gores you.
You shoot a bolt.
The bolt hits the death yak but does no damage.
The death yak is heavily wounded.
The death yak gores you! The death yak misses you.
You shoot a bolt. The bolt hits the death yak!!
The death yak is almost dead.
The death yak gores you! The death yak closely misses you.
11449 ||| READING 7 scrolls of teleportation.
As you read the scroll of teleportation, it crumbles to dust.
You feel strangely unstable. The death yak gores you!
You die...

............P
....%.....=.###
...........#..#
....|.........#
..............#
........<.....#
..........#.#.#
........Y##
........Y@#
........###
##......#
#.#.....
#####..# .###
##


You could see 2 death yaks.

Vanquished Creatures
  An eleionoma (Lair:2)
  A hydra (Lair:1)
  A boulder beetle (Lair:2)
  Erica (D:9)
  A centaur warrior (D:9)
  2 two-headed ogres (D:9)
  3 death yaks (Lair:3)
  An ugly thing (D:9)
  2 deep elf pyromancers (D:9)
  3 cyclopes (D:9)
  4 elephants (Lair:2)
  Joseph (Lair:1)
  6 cane toads
  A rime drake (Lair:1)
  2 komodo dragons
  A tengu conjurer (D:9)
  A polar bear (Lair:2)
  A hornet (D:9)
  Prince Ribbit (D:6)
  3 blink frogs
  A slime creature (D:9)
  A wraith (D:9)
  22 yaks
  2 basilisks
  An acid dragon (D:9)
  9 water moccasins
  3 orc warriors
  An ice beast (D:6)
  4 black bears
  2 ogres (D:6)
  2 centaurs (D:9)
  2 phantoms (D:5)
  A kobold brigand (D:5)
  11 bullfrogs
  3 scorpions
  2 water moccasin zombies (Ossuary)
  3 wights (D:9)
  14 killer bees
  2 electric eels (D:9)
  A howler monkey (D:7)
  2 jellies (D:5)
  3 hounds
  5 orc priests
  A gnoll bouda (D:6)
  3 iguanas
  2 sleepcaps
  15 orc wizards
  2 mummies (Ossuary)
  13 gnolls
  6 adders
  3 white imps
  An ufetubus (D:5)
  4 adder zombies (Ossuary)
  3 dart slugs
  40 orcs
  6 ball pythons
  7 endoplasms
  A giant cockroach (D:2)
  3 gnoll zombies (Ossuary)
  2 goblins
  9 hobgoblins
  13 jackals
  5 quokkas
  4 bats
  4 frilled lizards
  3 hobgoblin zombies (Ossuary)
  7 kobolds
  2 kobold zombies (Ossuary)
  7 orc zombies (Ossuary)
  3 rats
303 creatures vanquished.

Vanquished Creatures (others)
  A two-headed ogre (D:9)
  An orc wizard (D:9)
2 creatures vanquished.

Grand Total: 305 creatures vanquished

Notes
Turn   | Place    | Note
-------+----------+-------------------------------------------
     0 | D:1      | qw the Gargoyle Hunter began the quest for the Orb.
     0 | D:1      | Reached XP level 1. HP: 12/12 MP: 1/1
     0 | D:1      | 0 ||| qw: Version: 0.3-a-76-g4403597
     0 | D:1      | 0 ||| qw: Game counter: 1062
     0 | D:1      | 0 ||| qw: Melee chars always use a shield: true
     0 | D:1      | 0 ||| qw: God list: Okawaru
     0 | D:1      | 0 ||| qw: Allow faded altars: false
     0 | D:1      | 0 ||| qw: Do Orc after clearing Dungeon:15 true
     0 | D:1      | 0 ||| qw: Do second Lair branch before Depths: true
     0 | D:1      | 0 ||| qw: Lair rune preference: random
     0 | D:1      | 0 ||| qw: Goals: Normal
     0 | D:1      | 0 ||| PLANNING D:1-11
   291 | D:1      | Reached XP level 2. HP: 17/17 MP: 2/2
   871 | D:1      | 871 ||| UPGRADING to +2 pair of gloves.
   876 | D:1      | 876 ||| READING scroll labelled BAEZEPTUSCHU.
   876 | D:1      | Identified a scroll of acquirement
   876 | D:1      | 876 ||| ACQUIRING +2 pair of boots of Zin's Benevolence
                  | {rC- Will+ Regen+ Str+4}
   876 | D:1      | Acquired the +2 pair of boots of Zin's Benevolence {rC-
                  | Will+ Regen+ Str+4}
   878 | D:1      | 878 ||| UPGRADING to +2 pair of boots of Zin's Benevolence
                  | {rC- Will+ Regen+ Str+4}.
   883 | D:1      | 883 ||| READING scroll labelled YCANOCVOMIG.
   884 | D:1      | 884 ||| READING scroll labelled FEICKA GUGHULL.
   885 | D:1      | 885 ||| READING scroll labelled MEFFEOZEDU.
   886 | D:1      | 886 ||| READING 3 scrolls labelled MIBYXOWNIO.
   887 | D:1      | 887 ||| DROPPING scroll of butterflies.
   888 | D:1      | 888 ||| DROPPING 2 scrolls of fear.
   962 | D:2      | Reached XP level 3. HP: 21/21 MP: 3/3
   991 | D:2      | Reached skill level 5 in Ranged Weapons
  1204 | D:2      | Reached skill level 3 in Fighting
  1561 | D:2      | Reached XP level 4. HP: 28/28 MP: 4/4
  1572 | D:2      | Reached skill level 1 in Armour
  1808 | D:2      | 1808 ||| UPGRADING to +0 ring mail.
  1818 | D:2      | 1818 ||| DROPPING +0 leather armour.
  1819 | D:2      | 1819 ||| UPGRADING to scarf of repulsion.
  1824 | D:2      | 1824 ||| DROPPING scarf of shadows.
  1825 | D:2      | 1825 ||| DROPPING amulet of magic regeneration.
  1826 | D:2      | 1826 ||| READING 5 scrolls labelled YFYCSOENGI.
  1831 | D:2      | 1831 ||| DRINKING 2 sedimented silvery potions.
  1832 | D:2      | 1832 ||| DRINKING 2 brown potions.
  1833 | D:2      | 1833 ||| DROPPING potion of brilliance.
  1939 | D:3      | Identified the +0 chain mail of the Pleiades {Stlth+}
  2310 | D:3      | 2310 ||| RETREATING.
  2312 | D:3      | 2312 ||| Stepping ~*~*~tactically~*~*~ (retreating).
  2327 | D:3      | Reached XP level 5. HP: 29/32 MP: 5/5
  2695 | D:3      | 2695 ||| DRINKING 2 fuming pink potions.
  2715 | D:4      | 2715 ||| PLANNING OSSUARY
  2725 | D:4      | Reached skill level 6 in Ranged Weapons
  2725 | D:4      | 2725 ||| STAIRDANCE
  3002 | D:4      | Reached XP level 6. HP: 37/37 MP: 6/6
  3114 | D:4      | 3114 ||| Stepping ~*~*~tactically~*~*~ (outnumbered).
  3237 | D:4      | Found a sand-covered staircase.
  3247 | Ossuary  | Entered an ossuary
  3278 | Ossuary  | Reached skill level 7 in Ranged Weapons
  3318 | Ossuary  | Reached XP level 7. HP: 43/43 MP: 7/7
  3443 | Ossuary  | 3443 ||| READING scroll labelled BIUMUABIDA.
  3444 | Ossuary  | 3444 ||| DRINKING 3 sapphire potions.
  3445 | Ossuary  | 3445 ||| DRINKING 2 dark potions.
  3446 | Ossuary  | 3446 ||| READING 4 scrolls of identify.
  3446 | Ossuary  | 3446 ||| IDENTIFYING silvery potion
  3447 | Ossuary  | 3447 ||| READING 3 scrolls of identify.
  3447 | Ossuary  | 3447 ||| IDENTIFYING coppery potion
  3448 | Ossuary  | 3448 ||| READING 2 scrolls of identify.
  3448 | Ossuary  | 3448 ||| IDENTIFYING gluggy blue potion
  3449 | Ossuary  | 3449 ||| DROPPING potion of degeneration.
  3450 | Ossuary  | 3450 ||| DROPPING potion of attraction.
  3456 | D:4      | 3456 ||| PLANNING D:1-11
  3814 | D:4      | 3814 ||| READING scroll labelled VYDAED XIUS.
  3839 | D:5      | Entered Level 5 of the Dungeon
  3856 | D:5      | 3856 ||| Stepping ~*~*~tactically~*~*~ (outnumbered).
  3857 | D:5      | 3857 ||| Stepping ~*~*~tactically~*~*~ (outnumbered).
  3859 | D:5      | 3859 ||| Stepping ~*~*~tactically~*~*~ (outnumbered).
  3860 | D:5      | 3860 ||| STAIRDANCE
  3867 | D:5      | 3867 ||| STAIRDANCE
  3879 | D:5      | 3879 ||| STAIRDANCE
  3907 | D:5      | 3907 ||| STAIRDANCE
  3916 | D:5      | 3916 ||| STAIRDANCE
  3932 | D:5      | 3932 ||| STAIRDANCE
  3949 | D:5      | 3949 ||| STAIRDANCE
  3960 | D:5      | Reached skill level 8 in Ranged Weapons
  4034 | D:5      | Found a bloodstained altar of Trog.
  4069 | D:5      | Reached XP level 8. HP: 49/49 MP: 8/8
  4309 | D:5      | 4309 ||| RETREATING.
  4371 | D:5      | 4371 ||| SWAPPING to +0 arbalest.
  4372 | D:5      | 4372 ||| DROPPING +0 shortbow.
  4452 | D:5      | Reached skill level 9 in Ranged Weapons
  4666 | D:5      | 4666 ||| DROPPING +6 ring of intelligence.
  4667 | D:5      | 4667 ||| READING scroll labelled YTHINA LENAEWE.
  4727 | D:6      | Reached skill level 6 in Fighting
  4811 | D:6      | Noticed Prince Ribbit
  4841 | D:6      | Killed Prince Ribbit
  4869 | D:6      | Reached XP level 9. HP: 55/55 MP: 9/9
  4870 | D:6      | HP: 10/55 [ogre/+0 giant club (18)]
  4871 | D:6      | 4871 ||| READING 7 scrolls of teleportation.
  4873 | D:6      | Reached skill level 10 in Ranged Weapons
  4965 | D:6      | Reached skill level 3 in Armour
  5260 | D:6      | Reached skill level 3 in Dodging
  6121 | D:6      | 6121 ||| DRINKING 2 fizzy brown potions.
  6122 | D:6      | 6122 ||| DRINKING 3 fizzy white potions.
  6160 | D:6      | 6160 ||| READING 2 scrolls of identify.
  6160 | D:6      | 6160 ||| IDENTIFYING grey potion
  6161 | D:6      | 6161 ||| DROPPING potion of invisibility.
  6162 | D:6      | 6162 ||| DROPPING 2 potions of lignification.
  6194 | D:7      | Found an opulent altar of Gozag.
  6200 | D:7      | Found a hazy altar of Hepliaklqana.
  6204 | D:7      | Found a radiant altar of Vehumet.
  6302 | D:7      | Found a staircase to the Ecumenical Temple.
  6303 | D:7      | 6303 ||| PLANNING TEMPLE
  6303 | D:7      | 6303 ||| READING 2 scrolls of identify.
  6303 | D:7      | 6303 ||| IDENTIFYING lumpy coppery potion
  6304 | D:7      | 6304 ||| DROPPING potion of magic.
  6312 | D:7      | 6312 ||| Stepping ~*~*~tactically~*~*~ (outnumbered).
  6315 | D:7      | 6315 ||| DRINKING 3 potions of curing.
  6315 | D:7      | 6315 ||| (to cure confusion)
  6316 | D:7      | 6316 ||| Stepping ~*~*~tactically~*~*~ (outnumbered).
  6317 | D:7      | 6317 ||| Stepping ~*~*~tactically~*~*~ (outnumbered).
  6332 | Temple   | Entered the Ecumenical Temple
  6333 | Temple   | 6333 ||| PLANNING OKAWARU WORSHIP
  6337 | Temple   | Became a worshipper of Warmaster Okawaru
  6338 | Temple   | 6338 ||| PLANNING D:1-11
  6509 | D:7      | Found a hide-covered altar of Uskayaw.
  6864 | D:7      | 6864 ||| READING scroll labelled BAHUANKE KEBIX.
  6887 | D:8      | 6887 ||| Stepping ~*~*~tactically~*~*~ (retreating).
  6895 | D:8      | Reached skill level 11 in Ranged Weapons
  6900 | D:8      | Reached * piety under Okawaru
  6958 | D:8      | 6958 ||| INVOKING Heroism.
  7146 | D:8      | 7146 ||| RETREATING.
  7147 | D:8      | 7147 ||| Stepping ~*~*~tactically~*~*~ (retreating).
  7166 | D:8      | Reached skill level 1 in Invocations
  7237 | D:8      | Found a shadowy altar of Dithmenos.
  7456 | D:8      | Reached XP level 10. HP: 64/64 MP: 10/12
  7493 | D:8      | 7493 ||| INVOKING Heroism.
  7498 | D:8      | Reached skill level 3 in Invocations
  7582 | D:8      | 7582 ||| Stepping ~*~*~tactically~*~*~ (outnumbered).
  7584 | D:8      | 7584 ||| Stepping ~*~*~tactically~*~*~ (outnumbered).
  7586 | D:8      | 7586 ||| Stepping ~*~*~tactically~*~*~ (outnumbered).
  7588 | D:8      | 7588 ||| Stepping ~*~*~tactically~*~*~ (outnumbered).
  7743 | D:9      | 7743 ||| INVOKING Heroism.
  7763 | D:9      | 7763 ||| Stepping ~*~*~tactically~*~*~ (outnumbered).
  7764 | D:9      | 7764 ||| INVOKING Heroism.
  7836 | D:9      | 7836 ||| INVOKING Heroism.
  7843 | D:9      | Reached skill level 12 in Ranged Weapons
  8006 | D:9      | Found a staircase to the Lair.
  8060 | D:9      | Noticed a deep elf pyromancer
  8060 | D:9      | Noticed a two-headed ogre
  8060 | D:9      | Noticed a cyclops
  8061 | D:9      | 8061 ||| RETREATING.
  8067 | D:9      | 8067 ||| Stepping ~*~*~tactically~*~*~ (retreating).
  8068 | D:9      | 8068 ||| Stepping ~*~*~tactically~*~*~ (retreating).
  8069 | D:9      | 8069 ||| Stepping ~*~*~tactically~*~*~ (retreating).
  8070 | D:9      | 8070 ||| Stepping ~*~*~tactically~*~*~ (retreating).
  8071 | D:9      | 8071 ||| Stepping ~*~*~tactically~*~*~ (retreating).
  8072 | D:9      | Killed a two-headed ogre
  8075 | D:9      | 8075 ||| INVOKING Heroism.
  8080 | D:9      | 8080 ||| Stepping ~*~*~tactically~*~*~ (retreating).
  8082 | D:9      | HP: 12/64 [fire elemental[a deep elf pyromancer] (7)]
  8083 | D:9      | 8083 ||| READING 8 scrolls of teleportation.
  8084 | D:9      | 8084 ||| DRINKING potion of heal wounds.
  8259 | D:9      | Noticed a cyclops
  8261 | D:9      | 8261 ||| INVOKING Heroism.
  8262 | D:9      | 8262 ||| RETREATING.
  8269 | D:9      | Killed a deep elf pyromancer
  8275 | D:9      | Killed a cyclops
  8286 | D:9      | Noticed a centaur warrior
  8292 | D:9      | 8292 ||| INVOKING Heroism.
  8297 | D:9      | Killed a centaur warrior
  8297 | D:9      | Reached ** piety under Okawaru
  8298 | D:9      | Reached skill level 13 in Ranged Weapons
  8301 | D:9      | 8301 ||| RETREATING.
  8304 | D:9      | Killed a cyclops
  8313 | D:9      | Reached XP level 11. HP: 62/68 MP: 14/14
  8350 | D:9      | Noticed a cyan ugly thing
  8351 | D:9      | 8351 ||| RETREATING.
  8359 | D:9      | 8359 ||| Stepping ~*~*~tactically~*~*~ (retreating).
  8360 | D:9      | 8360 ||| Stepping ~*~*~tactically~*~*~ (retreating).
  8361 | D:9      | 8361 ||| Stepping ~*~*~tactically~*~*~ (retreating).
  8362 | D:9      | 8362 ||| Stepping ~*~*~tactically~*~*~ (retreating).
  8363 | D:9      | 8363 ||| Stepping ~*~*~tactically~*~*~ (retreating).
  8367 | D:9      | 8367 ||| INVOKING Heroism.
  8372 | D:9      | Killed a cyan ugly thing
  8373 | D:9      | Reached skill level 9 in Fighting
  8491 | D:9      | Reached *** piety under Okawaru
  8521 | D:9      | Noticed a two-headed ogre
  8522 | D:9      | 8522 ||| INVOKING Heroism.
  8528 | D:9      | Killed a two-headed ogre
  8621 | D:9      | Noticed Erica
  8622 | D:9      | 8622 ||| INVOKING Heroism.
  8631 | D:9      | Killed Erica
  8632 | D:9      | Reached skill level 14 in Ranged Weapons
  8655 | D:9      | Noticed a deep elf pyromancer
  8660 | D:9      | 8660 ||| RETREATING.
  8661 | D:9      | 8661 ||| Stepping ~*~*~tactically~*~*~ (retreating).
  8662 | D:9      | 8662 ||| Stepping ~*~*~tactically~*~*~ (retreating).
  8663 | D:9      | 8663 ||| Stepping ~*~*~tactically~*~*~ (retreating).
  8664 | D:9      | 8664 ||| Stepping ~*~*~tactically~*~*~ (retreating).
  8669 | D:9      | 8669 ||| INVOKING Heroism.
  8677 | D:9      | 8677 ||| Stepping ~*~*~tactically~*~*~ (retreating).
  8687 | D:9      | Killed a deep elf pyromancer
  8724 | D:9      | Noticed a cyclops
  8725 | D:9      | 8725 ||| INVOKING Heroism.
  8729 | D:9      | Killed a cyclops
  8754 | D:9      | Found a basalt altar of Yredelemnul.
  8862 | D:9      | Noticed a two-headed ogre
  8863 | D:9      | 8863 ||| INVOKING Heroism.
  8866 | D:9      | Killed a two-headed ogre
  8866 | D:9      | Reached **** piety under Okawaru
  8888 | D:9      | 8888 ||| PLANNING LAIR
  8888 | D:9      | 8888 ||| UPGRADING to +2 robe of willpower.
  8898 | D:9      | 8898 ||| DROPPING +0 ring mail.
  8899 | D:9      | 8899 ||| UPGRADING to ring of willpower.
  8900 | D:9      | 8900 ||| READING scroll labelled OMUYS YSAPP.
  8931 | Lair:1   | Entered Level 1 of the Lair of Beasts
  8947 | Lair:1   | 8947 ||| RETREATING.
  8973 | Lair:1   | 8973 ||| INVOKING Heroism.
  9013 | Lair:1   | 9013 ||| RETREATING.
  9050 | Lair:1   | 9050 ||| INVOKING Heroism.
  9129 | Lair:1   | Reached skill level 6 in Invocations
  9151 | Lair:1   | Noticed Joseph
  9152 | Lair:1   | 9152 ||| Stepping ~*~*~tactically~*~*~ (retreating).
  9164 | Lair:1   | Killed Joseph
  9294 | Lair:1   | 9294 ||| INVOKING Heroism.
  9299 | Lair:1   | Reached XP level 12. HP: 78/78 MP: 13/16
  9446 | Lair:1   | Found a runed translucent gate.
  9446 | Lair:1   | Found a runed translucent gate.
  9446 | Lair:1   | Found a runed translucent gate.
  9446 | Lair:1   | Noticed a great orb of eyes
  9448 | Lair:1   | Noticed qw's ghost (journeyman MiHs)
  9598 | Lair:1   | Found a viscous altar of Jiyva.
  9633 | Lair:2   | 9633 ||| PLANNING GAUNTLET
  9634 | Lair:2   | 9634 ||| INVOKING Heroism.
  9639 | Lair:2   | 9639 ||| STAIRDANCE
  9722 | Lair:2   | Noticed a four-headed hydra
  9723 | Lair:2   | 9723 ||| INVOKING Heroism.
  9730 | Lair:2   | 9730 ||| STAIRDANCE
  9732 | Lair:1   | Killed a four-headed hydra
  9802 | Lair:2   | 9802 ||| INVOKING Heroism.
  9803 | Lair:2   | 9803 ||| STAIRDANCE
  9880 | Lair:2   | 9880 ||| STAIRDANCE
  9948 | Lair:2   | 9948 ||| STAIRDANCE
  9950 | Lair:1   | 9950 ||| INVOKING Heroism.
 10032 | Lair:2   | 10032 ||| INVOKING Heroism.
 10034 | Lair:2   | 10034 ||| STAIRDANCE
 10111 | Lair:2   | 10111 ||| INVOKING Heroism.
 10132 | Lair:2   | 10132 ||| RETREATING.
 10135 | Lair:2   | 10135 ||| Stepping ~*~*~tactically~*~*~ (retreating).
 10150 | Lair:2   | 10150 ||| RIP GAUNTLET
 10151 | Lair:2   | 10151 ||| PLANNING LAIR
 10159 | Lair:2   | 10159 ||| INVOKING Heroism.
 10240 | Lair:2   | 10240 ||| RETREATING.
 10244 | Lair:2   | 10244 ||| Stepping ~*~*~tactically~*~*~ (retreating).
 10245 | Lair:2   | 10245 ||| Stepping ~*~*~tactically~*~*~ (retreating).
 10246 | Lair:2   | 10246 ||| Stepping ~*~*~tactically~*~*~ (retreating).
 10256 | Lair:2   | 10256 ||| INVOKING Heroism.
 10356 | Lair:2   | Noticed a boulder beetle
 10357 | Lair:2   | 10357 ||| INVOKING Heroism.
 10371 | Lair:2   | Killed a boulder beetle
 10372 | Lair:2   | Reached skill level 15 in Ranged Weapons
 10452 | Lair:2   | 10452 ||| INVOKING Heroism.
 10526 | Lair:2   | Noticed an eleionoma
 10536 | Lair:2   | 10536 ||| INVOKING Heroism.
 10538 | Lair:2   | HP: 18/78 [eleionoma (10)]
 10539 | Lair:2   | 10539 ||| READING 8 scrolls of teleportation.
 10542 | Lair:2   | Killed an eleionoma
 10634 | Lair:2   | 10634 ||| RETREATING.
 10641 | Lair:2   | 10641 ||| Stepping ~*~*~tactically~*~*~ (retreating).
 10663 | Lair:2   | Reached skill level 9 in Invocations
 10713 | Lair:2   | 10713 ||| RETREATING.
 10720 | Lair:2   | 10720 ||| Stepping ~*~*~tactically~*~*~ (retreating).
 10722 | Lair:2   | 10722 ||| Stepping ~*~*~tactically~*~*~ (retreating).
 10723 | Lair:2   | 10723 ||| Stepping ~*~*~tactically~*~*~ (retreating).
 10724 | Lair:2   | 10724 ||| FLEEEEING.
 10725 | Lair:2   | 10725 ||| Stepping ~*~*~tactically~*~*~ (retreating).
 10726 | Lair:2   | 10726 ||| Stepping ~*~*~tactically~*~*~ (retreating).
 10737 | Lair:2   | 10737 ||| INVOKING Heroism.
 10760 | Lair:2   | 10760 ||| INVOKING Heroism.
 10926 | Lair:2   | Found a staircase to the Swamp.
 11006 | Lair:2   | 11006 ||| INVOKING Heroism.
 11093 | Lair:2   | Found a sacrificial altar of Ru.
 11277 | Lair:2   | 11277 ||| READING 2 scrolls labelled KATUEL WORR.
 11378 | Lair:2   | 11378 ||| READING scroll labelled JOOLAM RUSA.
 11379 | Lair:2   | 11379 ||| READING 4 scrolls of identify.
 11379 | Lair:2   | 11379 ||| IDENTIFYING puce potion
 11380 | Lair:2   | 11380 ||| DROPPING scroll of silence.
 11381 | Lair:2   | 11381 ||| DROPPING potion of ambrosia.
 11423 | Lair:3   | Noticed a death yak
 11424 | Lair:3   | 11424 ||| INVOKING Heroism.
 11425 | Lair:3   | Noticed a death yak
 11426 | Lair:3   | Killed a death yak
 11427 | Lair:3   | Noticed a death yak
 11428 | Lair:3   | Noticed a death yak
 11428 | Lair:3   | Noticed a death yak
 11429 | Lair:3   | 11429 ||| RETREATING.
 11429 | Lair:3   | Noticed a death yak
 11430 | Lair:3   | 11430 ||| Stepping ~*~*~tactically~*~*~ (retreating).
 11431 | Lair:3   | 11431 ||| Stepping ~*~*~tactically~*~*~ (retreating).
 11434 | Lair:3   | Killed a death yak
 11435 | Lair:3   | Reached XP level 13. HP: 64/83 MP: 20/20
 11436 | Lair:3   | 11436 ||| Stepping ~*~*~tactically~*~*~ (retreating).
 11442 | Lair:3   | Reached ***** piety under Okawaru
 11443 | Lair:3   | Reached skill level 16 in Ranged Weapons
 11443 | Lair:3   | 11443 ||| INVOKING Finesse.
 11448 | Lair:3   | HP: 7/83 [death yak (15)]
 11449 | Lair:3   | 11449 ||| READING 7 scrolls of teleportation.
 11449 | Lair:3   | Slain by a death yak

Levels and vault maps discovered:
D:1:      tarquinn_simple_flora_water_a, layout_loops_corners,
          grunt_decor_fettered
D:2:      layout_basic, serial_bayou_pond_b, minmay_between
D:3:      layout_basic
D:4:      layout_loops_corners, nicolae_ossuary_entry_monument
D:5:      black_bear_nest_2, layout_rooms, trog_book
D:6:      layout_layer_cave, uniq_prince_ribbit1
D:7:      layout_loops_ring, minmay_overflow_temple_star_quad,
          lemuel_tele_altar, minmay_temple_entry_arrows
D:8:      layout_basic, mainiacjoe_overflow_chevrons
D:9:      layout_basic, general_overflow_altar, dpeg_oklobed_lair, minivault_28,
          uniq_erica
Temple:   nicolae_temple_ecumenical_triangle
Lair:1:   layout_roguey, gammafunk_ghost_ooze, grunt_megastairs_1, uniq_joseph
Lair:2:   layout_cave_pods, alex1729_swamp_entry_worm_eleionoma, basic_altar,
          gauntlet_entry_generic, grunt_megastairs_4, lemuel_fruit_fields
Lair:3:   layout_cave_pods, nicolae_spider_entry_non_spiders

Skill      XL: |  1  2  3  4  5  6  7  8  9 10 11 12 13 |
---------------+----------------------------------------+-----
Ranged Weapons | 5 6 7 8 9 11 13 14 15 16 | 16.0
Fighting       | 3 4 5 6 8 10 | 10.4
Armour         | 1 2 3 4 |  4.3
Dodging        | 2 3 5 |  5.0
Invocations    | 2 4 6 10 | 10.1
Stealth        | |  1.1

Action                     |  1- 3 |  4- 6 |  7- 9 | 10-12 | 13-15 || total
---------------------------+-------+-------+-------+-------+-------++-------
   Fire: Shortbow          |    89 |   216 |   208 |       |       ||   513
         Arbalest          |       |       |   276 |   547 |    11 ||   834
 Invoke: Heroism           |       |       |     1 |    31 |       ||    32
         Finesse           |       |       |       |       |     1 ||     1
    Use: Scroll            |     5 |     1 |    10 |     6 |     1 ||    23
         Potion            |       |     3 |     5 |     1 |       ||     9
 Armour: Leather armour    |    24 |     1 |       |       |       ||    25
         Ring mail         |       |   102 |   374 |   216 |       ||   692
         Robe              |       |       |       |   172 |    13 ||   185
  Dodge: Dodged            |    28 |    76 |   242 |   324 |    13 ||   683
         Repelled          |       |       |     2 |     3 |       ||     5

Table legend:
 A = Non-vault XP
 B = Vault XP
 C = Vault XP percentage of total XP
 D = Non-vault monster count
 E = Vault monster count
 F = Vault count percentage of total count
                 A         B        C        D         E       F
            +---------+---------+-------+---------+---------+-------
      Total |   23617 |    9304 |  28.3 |     252 |      52 |  17.1
            +---------+---------+-------+---------+---------+-------
        D:1 |      31 |       0 |   0.0 |      16 |       0 |   0.0
        D:2 |      88 |      10 |  10.2 |      21 |       6 |  22.2
        D:3 |      73 |       0 |   0.0 |      15 |       0 |   0.0
        D:4 |     420 |       0 |   0.0 |      21 |       0 |   0.0
        D:5 |     858 |     126 |  12.8 |      24 |       1 |   4.0
        D:6 |     928 |     268 |  22.4 |      32 |       1 |   3.0
        D:7 |     350 |       0 |   0.0 |      10 |       0 |   0.0
        D:8 |    1509 |       0 |   0.0 |      30 |       0 |   0.0
        D:9 |    3955 |    5950 |  60.1 |      33 |      11 |  25.0
     Lair:1 |    4447 |    1306 |  22.7 |      19 |       6 |  24.0
     Lair:2 |    8516 |    1410 |  14.2 |      28 |       4 |  12.5
     Lair:3 |    2442 |       0 |   0.0 |       3 |       0 |   0.0
    Ossuary |       0 |     234 | 100.0 |       0 |      23 | 100.0
            +---------+---------+-------+---------+---------+-------
